 Dungeon Crawl Stone Soup version 0.21.1 (webtiles) character file.

20 tidbits the Charmwright (level 2, -2/26 HPs)
             Began as a Gnoll Skald on Feb 3, 2018.
             Killed from afar by an orc wizard (3 damage)
             ... with a magic dart
             ... on level 3 of the Dungeon.
             The game lasted 00:01:39 (155 turns).

tidbits the Charmwright (Gnoll Skald)                Turns: 155, Time: 00:01:40

Health: -2/26      AC:  3    Str: 13    XL:     2   Next: 79%
Magic:  0/7        EV: 14    Int: 15    God:
Gold:   24         SH:  0    Dex: 14    Spells: 5/10 levels left

rFire    . . .     SeeInvis .   a - +0 hand axe
rCold    . . .     Gourm    .   (no shield)
rNeg     . . .     Faith    .   b - +0 leather armour
rPois    .         Spirit   .   (no helmet)
rElec    .         Reflect  .   (no cloak)
rCorr    .         Harm     .   (no gloves)
MR       .....                  (no boots)
Stlth    +.........             (no amulet)
HPRegen  0.08/turn              (no ring)
MPRegen  0.10/turn              (no ring)

@: infused, invisible
A: distributed training, fangs 1, strong nose
a: no special abilities


You were on level 3 of the Dungeon.
You were not hungry.

You visited 1 branch of the dungeon, and saw 3 of its levels.

You collected 24 gold pieces.

Inventory:

Hand Weapons
 a - a +0 hand axe (weapon)
 g - a +0 dagger
 i - a +0 long sword
 j - a +0 hunting sling
Missiles
 k - 26 stones (quivered)
Armour
 b - a +0 leather armour (worn)
Scrolls
 e - a scroll of enchant weapon {unknown}
Books
 c - a book of Battle

   Spells                             Type                      Level
   a - Infusion                       Charms                       1
   b - Shroud of Golubria             Charms/Translocation         2
   c - Song of Slaying                Charms                       2
   d - Spectral Weapon                Hexes/Charms                 3
   e - Regeneration                   Charms/Necromancy            3
Comestibles
 d - 2 rations


   Skills:
 + Level 4.5 Fighting
 + Level 0.5 Short Blades
 + Level 0.5 Long Blades
 + Level 4.5 Axes
 + Level 0.5 Maces & Flails
 + Level 0.5 Polearms
 + Level 0.5 Staves
 + Level 0.5 Slings
 + Level 0.5 Bows
 + Level 0.5 Crossbows
 + Level 0.5 Throwing
 + Level 2.5 Armour
 + Level 4.5 Dodging
 + Level 0.5 Stealth
 + Level 0.5 Shields
 + Level 0.5 Unarmed Combat
 + Level 4.9 Spellcasting
 + Level 0.3 Conjurations
 + Level 0.3 Hexes
 + Level 5.3 Charms
 + Level 0.3 Summonings
 + Level 0.3 Necromancy
 + Level 0.3 Translocations
 + Level 0.3 Transmutations
 + Level 0.3 Fire Magic
 + Level 0.3 Ice Magic
 + Level 0.3 Air Magic
 + Level 0.3 Earth Magic
 + Level 0.3 Poison Magic
 + Level 0.6 Invocations
 + Level 0.5 Evocations


You had 5 spell levels left.
You knew the following spells:

 Your Spells              Type           Power        Failure   Level  Hunger
g - Shroud of Golubria    Chrm/Tloc      ##........   10%         2    ##.....
i - Infusion              Chrm           ###.         2%          1    None
y - Song of Slaying       Chrm           ###.....     3%          2    ##.....


Dungeon Overview and Level Annotations

Branches:
Dungeon (3/15)

Altars:


Innate Abilities, Weirdness & Mutations

Your experience applies equally to all skills.
You have very sharp teeth.
Your uncanny sense of smell can sniff out nearby items.


Message History

You open the door.
A hobgoblin comes into view. It is wielding a club.
There is an open door here.
Unknown command.
The hobgoblin shouts!
The hobgoblin throws a stone.
The stone closely misses you.
You open the door.
The hobgoblin throws a stone.
The stone misses you.
There is an open door here.
You see here a stone.
A goblin comes into view. It is wielding a dagger.
The goblin shouts!
You hear a shout! x2
The goblin barely misses you. The goblin closely misses you.
Casting: Infusion
Confirm with . or Enter, or press ? or * to list all spells.
You begin infusing your attacks with magical energy.
The goblin hits you with a dagger.
A bat comes into view.
You hit the goblin.
You kill the goblin!
You barely miss the bat. The bat completely misses you.
The bat hits you but does no damage.
You barely miss the bat. The bat hits you but does no damage. The bat hits you.
The bat hits you.
You barely miss the hobgoblin. The bat barely misses you.
The hobgoblin barely misses you.
You hit the hobgoblin. Your bite misses the hobgoblin.
The hobgoblin is almost dead.
The bat misses you. The hobgoblin barely misses you.
You barely miss the hobgoblin. Your bite misses the hobgoblin.
The hobgoblin is almost dead.
You closely miss the bat. The bat hits you but does no damage.
The hobgoblin hits you with a club.
An orc wizard comes into view. It is wielding a dagger.
You barely miss the hobgoblin.
The hobgoblin is almost dead.
The bat closely misses you.
The orc wizard points at you and mumbles some strange words.
You are confused.
The hobgoblin hits you with a club.
* * * LOW HITPOINT WARNING * * *
You closely miss the hobgoblin.
The hobgoblin is almost dead.
The bat closely misses you. The hobgoblin closely misses you.
You bump into the rock wall.
The bat hits you.
* * * LOW HITPOINT WARNING * * *
The bat hits you but does no damage. The hobgoblin hits you with a club.
* * * LOW HITPOINT WARNING * * *
You miss the bat. You closely miss the hobgoblin. You hit the orc wizard.
The bat barely misses you. The bat hits you but does no damage.
The hobgoblin hits you with a club.
* * * LOW HITPOINT WARNING * * *
The orc wizard casts a spell at you. The magic dart hits you!
* * * LOW HITPOINT WARNING * * *
You bump into the rock wall.
The bat barely misses you. The hobgoblin closely misses you.
The orc wizard hits you with a dagger.
* * * LOW HITPOINT WARNING * * *
An orc comes into view. It is wielding a dagger.
Unknown command.
It was a potion of curing.
You feel better.
The orc shouts!
You hear a shout!
The bat barely misses you. The orc wizard closely misses you.
The hobgoblin misses you.
You hit the orc wizard.
The orc wizard is moderately wounded.
You completely miss the bat. You hit the hobgoblin but do no damage.
The bat closely misses you. The orc wizard hits you with a dagger.
* * * LOW HITPOINT WARNING * * *
The hobgoblin hits you but does no damage.
You hit the orc wizard but do no damage.
The orc wizard is moderately wounded.
You hit the hobgoblin but do no damage. The bat hits you but does no damage.
The bat closely misses you. The orc wizard completely misses you.
The hobgoblin hits you but does no damage.
An orc comes into view. It is wielding a hand axe.
You closely miss the orc wizard.
The orc wizard is moderately wounded.
You barely miss the orc. You hit the hobgoblin.
You kill the hobgoblin!
You hit the bat.
You kill the bat!
The orc misses you. The orc wizard hits you with a dagger.
* * * LOW HITPOINT WARNING * * *
An orc comes into view. It is wielding a falchion.
You closely miss the orc wizard.
The orc shouts!
Your bite misses the orc wizard.
The orc wizard is moderately wounded.
You hit the orc. The orc closely misses you.
The orc wizard hits you with a dagger.
* * * LOW HITPOINT WARNING * * *
The orc hits you but does no damage.
Unknown command.
It was a potion of invisibility.
You fade into invisibility!
The orc wizard casts a spell at you. The magic dart hits you!
You die...

#
##.......##
#.#...##
##.....##
#.......
##...##
#####.##
##(## #.#
#.# #.#
#####.####
#.#
#........#
#.#
#.##)..#.#
#.#
#..@.....#
#.#
#.oo†..#.#
#.#
#..o...#.#
#.#
#o........
.......#.##
##.######.#
#. # ##


You could see an orc wizard and 3 orcs.

Vanquished Creatures
  An adder (D:3)
  A ball python (D:1)
  A bat (D:3)
  3 goblins
  3 hobgoblins (D:3)
  A kobold (D:1)
10 creatures vanquished.

Notes
Turn   | Place    | Note
-------+----------+-------------------------------------------
     0 | D:1      | tidbits the Gnoll Skald began the quest for the Orb.
     0 | D:1      | Reached XP level 1. HP: 20/20 MP: 6/6
   104 | D:3      | Reached XP level 2. HP: 26/26 MP: 2/7
   110 | D:3      | Learned a level 2 spell: Song of Slaying
   113 | D:3      | Learned a level 2 spell: Shroud of Golubria
   149 | D:3      | HP: 1/26 [orc wizard/dagger (4)]
   154 | D:3      | HP: 1/26 [orc wizard/dagger (1)]
   155 | D:3      | Killed from afar by an orc wizard

Action                   || total
-------------------------++-------
Melee: Hand axe          ||    23
       Bite              ||     1
 Cast: Infusion          ||     3
  Use: Potion            ||     2
Armor: Leather armour    ||     7
Dodge: Dodged            ||    31

Table legend:
 A = Turns spent in this place as a percentage of turns spent in the entire game.
 B = Non-inter-level travel turns spent in this place as a percentage of non-inter-level travel turns spent in the entire game.
 C = Inter-level travel turns spent in this place as a percentage of turns spent in this place.
 D = Turns resting spent in this place as a percentage of non-inter-level travel turns spent in this place.
 E = Turns spent auto-exploring this place as a percentage of non-inter-level travel turns spent in this place.
 F = Non-inter-level travel turns spent in this place divided by the number of levels of this place that you've seen.
                   A       B       C       D       E      F
               +-------+-------+-------+-------+-------+----------------------
         Total | 100.0 | 100.0 |   0.0 |   0.0 |   0.0 |  51.7
       Dungeon | 100.0 | 100.0 |   0.0 |   0.0 |   0.0 |  51.7
               +-------+-------+-------+-------+-------+----------------------

Table legend:
 A = Kills in this place as a percentage of kills in entire the game.
 B = Kills by you in this place as a percentage of kills by you in the entire game.
 C = Kills by friends in this place as a percentage of kills by friends in the entire game.
 D = Other kills in this place as a percentage of other kills in the entire game.
 E = Experience gained in this place as a percentage of experience gained in the entire game.
 F = Experience gained in this place divided by the number of levels of this place that you have seen.
                   A       B       C       D       E      F
               +-------+-------+-------+-------+-------+----------------------
         Total | 100.0 | 100.0 |   N/A |   N/A | 100.0 |   9.7
       Dungeon | 100.0 | 100.0 |   N/A |   N/A | 100.0 |   9.7
               +-------+-------+-------+-------+-------+----------------------

Vault maps used:
D:1:      sevenhm_arrival_forest_fort_small_3
D:3:      kiku_gazebo_pond_becter, chequers_ecumenical_altar_twisty,
          uniq_terence
